SAAA
ALLOWAY HALBERDS @ PORT ROYAL DISASTER
09/06/2030
 
TOP OF THE 1ST
Alloway Halberds batting - Pitching for Port Royal Disaster : RHP Kevin Samuels
Pitching: RHP Kevin Samuels
Batting: LHB Jesús Trevino 0-0: Ball
1-0: Ball
2-0: Ball
3-0: Base on Balls
Batting: RHB Octávio Beltzán 0-0: Ball
1-0: Called Strike
1-1: Swinging Strike
1-2: Fielders Choice at 2nd, 4-6 (Groundball, 4M)
Batting: RHB Lúcio López 0-0: Foul Ball, location: 2F
0-1: Ball
1-1: SINGLE (Groundball, 34D)
Octávio Beltzán to second
Runner from 2nd tries for 3rd, SAFE, no throw
Batting: RHB Ethan Stanford 0-0: Ball
1-0: Foul Ball, location: 2F
1-1: Foul Ball, location: 2F
1-2: SINGLE (Line Drive, 9LS)
Octávio Beltzán scores
Lúcio López to second
Batting: RHB Carlos De Jesús 0-0: Ball
1-0: Called Strike
1-1: Ball
2-1: Ball
3-1: Called Strike
3-2: Strikes out looking
Batting: RHB Manny Gonzáles 0-0: Called Strike
0-1: Foul Ball, location: 2F
0-2: Ball
1-2: Strikes out swinging
Top of the 1st over - 1 run, 2 hits, 0 errors, 2 left on base; Alloway 1 - Port Royal 0
BOTTOM OF THE 1ST
Port Royal Disaster batting - Pitching for Alloway Halberds : RHP Francisco García
Pitching: RHP Francisco García
Batting: LHB Sisto Pagnamenta 0-0: Ball
1-0: Foul Ball, location: 2F
1-1: Called Strike
1-2: Foul Ball, location: 2F
1-2: Ball
2-2: Ball
3-2: Foul Ball, location: 2F
3-2: SINGLE (Flyball, 7LS)
Batting: RHB Loren Stallings 0-0: Called Strike
0-1: Grounds into double play, 6-4-3 (Groundball, 6M)
Batting: LHB Bob Daugherty 0-0: Called Strike
0-1: Ball
1-1: Ball
2-1: Foul Ball, location: 2F
2-2: Fly out, F6 (Popup, 6MS)
Bottom of the 1st over - 0 runs, 1 hit, 0 errors, 0 left on base; Alloway 1 - Port Royal 0
TOP OF THE 2ND
Alloway Halberds batting - Pitching for Port Royal Disaster : RHP Kevin Samuels
Batting: RHB Vito Middendorf 0-0: Ball
1-0: Foul Ball, location: 2F
1-1: Foul Ball, location: 2F
1-2: Fly out, F6 (Line Drive, 6)
Batting: RHB Jordan Hollins 0-0: SINGLE (Line Drive, 4M)
Batting: RHB Juan Salinas 0-0: Ball
1-0: Fly out, F3 (Popup, 34)
Batting: LHB Jesús Trevino 0-0: Called Strike
0-1: Ball
1-1: Ground out U3 (Groundball, 3L)
Top of the 2nd over - 0 runs, 1 hit, 0 errors, 1 left on base; Alloway 1 - Port Royal 0
BOTTOM OF THE 2ND
Port Royal Disaster batting - Pitching for Alloway Halberds : RHP Francisco García
Batting: RHB Wrangler Haresnape 0-0: SINGLE (Line Drive, 8LS)
Batting: LHB Ricky Payton 0-0: Foul Ball, location: 2F
0-1: Foul Ball, location: 2F
0-2: SINGLE (Line Drive, 9S)
Wrangler Haresnape to second
Runner from 2nd tries for 3rd, SAFE, no throw
Batting: RHB Brandon Cooper 0-0: Ball
Ricky Payton steals 2nd base
1-0: Ball
2-0: DOUBLE (Groundball, 5L)
Wrangler Haresnape scores
Ricky Payton scores
Batting: RHB David McJannett 0-0: Ball
1-0: Foul Ball, location: 2F
1-1: Swinging Strike
1-2: Foul Ball, location: 2F
1-2: Ball
2-2: Foul Ball, location: 2F
2-2: SINGLE (Groundball, 6D)
Brandon Cooper to third
Runner from 3rd tries for Home, SAFE, no throw
Batting: RHB Winston Sparks 0-0: Ball
1-0: Fly out, F8 (Flyball, 78D)
Batting: RHB Nelson Abbey 0-0: Ball
1-0: Called Strike
1-1: Grounds into double play, 6-4-3 (Groundball, 6)
Bottom of the 2nd over - 3 runs, 4 hits, 0 errors, 0 left on base; Alloway 1 - Port Royal 3
TOP OF THE 3RD
Alloway Halberds batting - Pitching for Port Royal Disaster : RHP Kevin Samuels
Batting: RHB Octávio Beltzán 0-0: Ball
1-0: Fly out, F7 (Flyball, 7)
Batting: RHB Lúcio López 0-0: Ball
1-0: Foul Ball, location: 2F
1-1: Foul Ball, location: 2F
1-2: Foul Ball, location: 2F
1-2: Foul Ball, location: 2F
1-2: Ball
2-2: Ground out U3 (Groundball, 34)
Batting: RHB Ethan Stanford 0-0: Ball
1-0: Ball
2-0: Ball
3-0: Called Strike
3-1: Called Strike
3-2: Ground out 4-3 (Groundball, 4)
Top of the 3rd over - 0 runs, 0 hits, 0 errors, 0 left on base; Alloway 1 - Port Royal 3
BOTTOM OF THE 3RD
Port Royal Disaster batting - Pitching for Alloway Halberds : RHP Francisco García
Batting: LHB Sisto Pagnamenta 0-0: Foul Ball, location: 2F
0-1: Swinging Strike
0-2: Ground out 3-1 (Groundball, 34S)
Batting: RHB Loren Stallings 0-0: Ball
1-0: Called Strike
1-1: Ball
2-1: Ball
3-1: Called Strike
3-2: Fly out, F4 (Flyball, 34D)
Batting: LHB Bob Daugherty 0-0: Called Strike
0-1: Ball
1-1: Ball
2-1: Foul Ball, location: 2F
2-2: Foul Ball, location: 2F
2-2: Ball
3-2: Base on Balls
Batting: RHB Wrangler Haresnape 0-0: Called Strike
Bob Daugherty is caught stealing 2nd base
Bottom of the 3rd over - 0 runs, 0 hits, 0 errors, 0 left on base; Alloway 1 - Port Royal 3
TOP OF THE 4TH
Alloway Halberds batting - Pitching for Port Royal Disaster : RHP Kevin Samuels
Now at 2B: Jesús Vargas
Batting: RHB Carlos De Jesús 0-0: Fly out, F4 (Popup, 4M)
Batting: RHB Manny Gonzáles 0-0: Foul Ball, location: 2F
0-1: Ball
1-1: Called Strike
1-2: Foul Ball, location: 2F
1-2: SINGLE (Line Drive, 34)
Batting: RHB Vito Middendorf 0-0: Ball
1-0: Called Strike
1-1: Ball
2-1: Ball
3-1: Fielders Choice at 2nd, 5-4 (Groundball, 56)
Batting: RHB Jordan Hollins 0-0: Reached on error, E4 (Groundball, 4M)
Vito Middendorf to second
Batting: RHB Juan Salinas 0-0: Ball
1-0: Swinging Strike
1-1: SINGLE (Groundball, 4) (infield hit)
Vito Middendorf to third
Jordan Hollins to second
Batting: LHB Jesús Trevino 0-0: Foul Ball, location: 2F
0-1: Ball
1-1: Swinging Strike
1-2: Fielders Choice at 2nd, 6-4 (Groundball, 6)
Top of the 4th over - 0 runs, 2 hits, 1 error, 3 left on base; Alloway 1 - Port Royal 3
BOTTOM OF THE 4TH
Port Royal Disaster batting - Pitching for Alloway Halberds : RHP Francisco García
Batting: RHB Wrangler Haresnape 0-0: Ball
1-0: Ground out 6-3 (Groundball, 6)
Batting: LHB Ricky Payton 0-0: Ground out 6-3 (Groundball, 6MS)
Batting: RHB Brandon Cooper 0-0: Foul Ball, location: 2F
0-1: Ball
1-1: Foul Ball, location: 2F
1-2: Ball
2-2: Foul Ball, location: 2F
2-2: Foul Ball, location: 2F
2-2: Foul Ball, location: 2F
2-2: Ball
3-2: Foul Ball, location: 2F
3-2: SINGLE (Line Drive, 6M)
Batting: RHB David McJannett 0-0: Fly out, F7 (Flyball, 7LMF)
Bottom of the 4th over - 0 runs, 1 hit, 0 errors, 1 left on base; Alloway 1 - Port Royal 3
TOP OF THE 5TH
Alloway Halberds batting - Pitching for Port Royal Disaster : RHP Kevin Samuels
Batting: RHB Octávio Beltzán 0-0: Reached on error, E6 (Groundball, 56)
Batting: RHB Lúcio López 0-0: Called Strike
0-1: Swinging Strike
Balk!
Octávio Beltzán to second
0-2: Ball
Passed Ball!
Octávio Beltzán to third
1-2: Ground out 1-3 (Groundball, P)
Batting: RHB Ethan Stanford 0-0: SINGLE (Groundball, 6S) (infield hit)
Octávio Beltzán scores
Batting: RHB Carlos De Jesús 0-0: Ball
1-0: Foul Ball, location: 2F
1-1: Ball
2-1: Ball
3-1: Base on Balls
Ethan Stanford to second
Batting: RHB Manny Gonzáles 0-0: Swinging Strike
0-1: Fly out, F3 (Popup, 3SF)
Batting: RHB Vito Middendorf 0-0: Ball
1-0: Ball
2-0: Ball
3-0: Base on Balls
Ethan Stanford to third
Carlos De Jesús to second
Batting: RHB Jordan Hollins 0-0: Called Strike
0-1: SINGLE (Groundball, 6MD)
Ethan Stanford scores
Carlos De Jesús to third
Vito Middendorf to second
Runner from 3rd tries for Home, SAFE, no throw
Batting: RHB Juan Salinas 0-0: Called Strike
0-1: Ball
Wild Pitch!
Vito Middendorf to third
Jordan Hollins to second
1-1: Called Strike
1-2: Fly out, F8 (Flyball, 8LD)
Top of the 5th over - 3 runs, 2 hits, 1 error, 2 left on base; Alloway 4 - Port Royal 3
BOTTOM OF THE 5TH
Port Royal Disaster batting - Pitching for Alloway Halberds : RHP Francisco García
Batting: RHB Winston Sparks 0-0: Ball
1-0: Called Strike
1-1: Ball
2-1: Ground out 6-3 (Groundball, 6)
Batting: RHB Jesús Vargas 0-0: Called Strike
0-1: Ball
1-1: Swinging Strike
1-2: Ball
2-2: SINGLE (Popup, 3D)
Batting: LHB Sisto Pagnamenta Balk!
Jesús Vargas to second
0-0: Called Strike
0-1: Ground out U3 (Groundball, 3)
Jesús Vargas to third
Batting: RHB Loren Stallings 0-0: Ball
1-0: Fly out, F8 (Flyball, 8LD)
Bottom of the 5th over - 0 runs, 1 hit, 0 errors, 1 left on base; Alloway 4 - Port Royal 3
TOP OF THE 6TH
Alloway Halberds batting - Pitching for Port Royal Disaster : RHP Kevin Samuels
Batting: LHB Jesús Trevino 0-0: Called Strike
0-1: Ball
1-1: Called Strike
1-2: Ball
2-2: Foul Ball, location: 2F
2-2: Ball
3-2: Base on Balls
Pitching: RHP Omar Casteneda
Batting: RHB Octávio Beltzán 0-0: Ball
1-0: Called Strike
1-1: Ball
2-1: Ball
3-1: Called Strike
3-2: Base on Balls
Jesús Trevino to second
Batting: RHB Lúcio López 0-0: SINGLE (Line Drive, 78M)
Jesús Trevino to third
Octávio Beltzán to second
Runner from 3rd tries for Home, SAFE, no throw
Batting: RHB Ethan Stanford 0-0: SINGLE (Groundball, 56D)
Octávio Beltzán to third
Lúcio López to second
Runner from 3rd tries for Home, SAFE, throw made home
Batting: RHB Carlos De Jesús 0-0: Ball
1-0: Swinging Strike
1-1: Foul Ball, location: 2F
1-2: Ball
2-2: SINGLE (Groundball, 56D)
Lúcio López to third
Ethan Stanford to second
Batting: RHB Manny Gonzáles 0-0: Called Strike
0-1: Ball
1-1: Foul Ball, location: 2F
1-2: Grounds into fielders choice 5-2 (Groundball, 5)
Ethan Stanford to third
Carlos De Jesús to second
Batting: RHB Vito Middendorf 0-0: DOUBLE (Line Drive, 7LM)
Ethan Stanford scores
Carlos De Jesús scores
Manny Gonzáles to third
Batting: RHB Jordan Hollins 0-0: Ball
1-0: Ball
2-0: Ball
3-0: Called Strike
3-1: Called Strike
3-2: Base on Balls
Batting: RHB Juan Salinas 0-0: Foul Ball, location: 2F
0-1: Foul Ball, location: 2F
0-2: Ball
1-2: Foul Ball, location: 2F
1-2: Strikes out swinging
Batting: LHB Jesús Trevino 0-0: Called Strike
0-1: Fly out, F8 (Flyball, 8RD)
Top of the 6th over - 4 runs, 4 hits, 0 errors, 3 left on base; Alloway 8 - Port Royal 3
BOTTOM OF THE 6TH
Port Royal Disaster batting - Pitching for Alloway Halberds : RHP Francisco García
Batting: LHB Bob Daugherty 0-0: Ball
1-0: Ball
2-0: Called Strike
2-1: Ball
3-1: Base on Balls
Batting: RHB Wrangler Haresnape 0-0: Foul Ball, location: 2F
0-1: Ball
1-1: Ball
2-1: Ball
3-1: SINGLE (Groundball, 3D)
Bob Daugherty to second
Runner from 2nd tries for 3rd, SAFE, throw made to third
Batting: LHB Ricky Payton 0-0: Ball
1-0: Ball
2-0: Called Strike
2-1: Grounds into double play, 5-4-3 (Groundball, 56)
Bob Daugherty scores
Batting: RHB Brandon Cooper 0-0: Called Strike
0-1: Called Strike
0-2: Strikes out swinging
Bottom of the 6th over - 1 run, 1 hit, 0 errors, 0 left on base; Alloway 8 - Port Royal 4
TOP OF THE 7TH
Alloway Halberds batting - Pitching for Port Royal Disaster : RHP Omar Casteneda
Batting: RHB Octávio Beltzán 0-0: Swinging Strike
0-1: Foul Ball, location: 2F
0-2: Strikes out swinging
Batting: RHB Lúcio López 0-0: Ball
1-0: Called Strike
1-1: Foul Ball, location: 2F
1-2: Ball
2-2: Foul Ball, location: 2F
2-2: Ball
3-2: SOLO HOME RUN (Flyball, 9D), Distance : 408 ft
Batting: RHB Ethan Stanford 0-0: Foul Ball, location: 2F
0-1: Called Strike
0-2: Foul Ball, location: 2F
0-2: Fly out, F7 (Line Drive, 78M)
Batting: RHB Carlos De Jesús 0-0: Called Strike
0-1: Ball
1-1: Ball
2-1: Ball
3-1: Ground out 5-3 (Groundball, 56)
Top of the 7th over - 1 run, 1 hit, 0 errors, 0 left on base; Alloway 9 - Port Royal 4
BOTTOM OF THE 7TH
Port Royal Disaster batting - Pitching for Alloway Halberds : RHP Francisco García
Batting: RHB David McJannett 0-0: Ball
1-0: Called Strike
1-1: SINGLE (Flyball, 8RS)
Batting: RHB Winston Sparks 0-0: Fly out, F7 (Flyball, 7LM)
Batting: RHB Jesús Vargas 0-0: Called Strike
0-1: Foul Ball, location: 2F
0-2: Ball
1-2: Foul Ball, location: 2F
Pickoff Throw to First - Out!
1-2: Ball
2-2: Foul Ball, location: 2F
2-2: Foul Ball, location: 2F
2-2: Ball
3-2: Ground out 6-3 (Groundball, 6)
Bottom of the 7th over - 0 runs, 1 hit, 0 errors, 0 left on base; Alloway 9 - Port Royal 4
TOP OF THE 8TH
Alloway Halberds batting - Pitching for Port Royal Disaster : RHP Omar Casteneda
Batting: RHB Manny Gonzáles 0-0: Ball
1-0: Ball
2-0: Foul Ball, location: 2F
2-1: Foul Ball, location: 2F
2-2: Strikes out swinging
Batting: RHB Vito Middendorf 0-0: Ball
1-0: Ball
2-0: Foul Ball, location: 2F
2-1: Ground out 6-3 (Groundball, 6)
Batting: RHB Jordan Hollins 0-0: Called Strike
0-1: Ball
1-1: Swinging Strike
1-2: Ball
2-2: SINGLE (Line Drive, 6MD)
Batting: RHB Juan Salinas 0-0: Called Strike
0-1: Ball
1-1: Called Strike
Jordan Hollins steals 2nd base
1-2: Fly out, F9 (Flyball, 89D)
Top of the 8th over - 0 runs, 1 hit, 0 errors, 1 left on base; Alloway 9 - Port Royal 4
BOTTOM OF THE 8TH
Port Royal Disaster batting - Pitching for Alloway Halberds : RHP Francisco García
Batting: LHB Sisto Pagnamenta 0-0: Ball
1-0: Ball
2-0: Called Strike
2-1: Foul Ball, location: 2F
2-2: Strikes out swinging
Pitching: RHP Shi-lin Li
Batting: RHB Loren Stallings 0-0: Ball
1-0: Ball
2-0: Ball
3-0: Base on Balls
Batting: LHB Bob Daugherty 0-0: Ball
1-0: Ball
2-0: Swinging Strike
2-1: DOUBLE (Flyball, 8LD)
Loren Stallings to third
Runner from 3rd tries for Home, SAFE, no throw
Batting: RHB Wrangler Haresnape 0-0: Called Strike
0-1: Fly out, F7 (Line Drive, 7D)
Batting: LHB Ricky Payton 0-0: Called Strike
0-1: Swinging Strike
0-2: Fly out, F6 (Popup, 6)
Bottom of the 8th over - 1 run, 1 hit, 0 errors, 1 left on base; Alloway 9 - Port Royal 5
TOP OF THE 9TH
Alloway Halberds batting - Pitching for Port Royal Disaster : RHP Omar Casteneda
Pitching: RHP Miguel Hernández
Batting: LHB Jesús Trevino 0-0: Foul Ball, location: 2F
0-1: Swinging Strike
0-2: Ball
1-2: Strikes out swinging
Batting: RHB Octávio Beltzán 0-0: SINGLE (Groundball, 4MD)
Batting: RHB Lúcio López 0-0: Called Strike
0-1: SINGLE (Flyball, 8LS)
Octávio Beltzán to second
Batting: RHB Ethan Stanford 0-0: Foul Ball, location: 2F
0-1: Foul Ball, location: 2F
0-2: Ball
1-2: Ball
2-2: Ball
3-2: SINGLE (Groundball, 4MD)
Octávio Beltzán to third
Lúcio López to second
Runner from 3rd tries for Home, SAFE, no throw
Batting: RHB Carlos De Jesús 0-0: Ball
1-0: Ball
2-0: Ball
3-0: Base on Balls
Lúcio López to third
Ethan Stanford to second
Batting: RHB Manny Gonzáles 0-0: Foul Ball, location: 2F
0-1: Foul Ball, location: 2F
0-2: Strikes out swinging
Batting: RHB Vito Middendorf 0-0: Foul Ball, location: 2F
0-1: Swinging Strike
0-2: Ball
1-2: Ball
2-2: Ground out 5-3 (Groundball, 56S)
Top of the 9th over - 1 run, 3 hits, 0 errors, 3 left on base; Alloway 10 - Port Royal 5
BOTTOM OF THE 9TH
Port Royal Disaster batting - Pitching for Alloway Halberds : RHP Shi-lin Li
Now at 1B: Tracy Parker
Now in LF: Rafael Delgado
Batting: RHB Brandon Cooper 0-0: Ball
1-0: Ball
2-0: Foul Ball, location: 2F
2-1: Ball
3-1: Called Strike
3-2: Strikes out looking
Batting: RHB David McJannett 0-0: Called Strike
0-1: Swinging Strike
0-2: Ball
1-2: Ball
2-2: Foul Ball, location: 2F
2-2: Ball
3-2: Foul Ball, location: 2F
3-2: Fly out, F4 (Popup, 4S)
Batting: RHB Winston Sparks 0-0: Called Strike
0-1: Foul Ball, location: 2F
0-2: Ball
1-2: Ball
2-2: Strikes out looking
Bottom of the 9th over - 0 runs, 0 hits, 0 errors, 0 left on base; Alloway 10 - Port Royal 5
Sunday, March 18th, 2018 - OOTP Baseball 18.8 Build 76